 Dungeon Crawl Stone Soup version 0.19.4-8-ga85b6b9 (webtiles) character file.

9439 Naow the Cleaver (level 11, -1/75 HPs)
             Began as a Formicid Fighter on Feb 11, 2017.
             Was an Elder of Okawaru.
             Slain by a stone giant (26 damage)
             ... on level 1 of the Orcish Mines.
             The game lasted 00:22:08 (12190 turns).

Naow the Cleaver (Formicid Fighter)                Turns: 12190, Time: 00:22:09

Health: -1/75      AC: 14    Str: 25    XL:     11   Next: 74%
Magic:  16/16      EV:  5    Int:  7    God:    Okawaru [****..]
Gold:   416        SH: 22    Dex: 10    Spells: 0 memorised, 10 levels left

rFire  + . .     SeeInvis +     J - +6 battleaxe "Ipseohuh" {chop, rF+}
rCold  + . .     Gourm    .     X - +0 plate armour
rNeg   . . .     Faith    .     Z - +1 large shield
rPois  .         Spirit   .     (helmet unavailable)
rElec  .         Reflect  +     x - +0 cloak
rCorr  +         Harm     .     (no gloves)
MR     ++...                    z - +1 pair of boots
Stlth  ..........               i - +3 amulet of reflection
                                H - ring of protection from magic
                                B - ring of resist corrosion

@: no status effects
A: permanent stasis, dig shafts and tunnels, four strong arms, antennae 3, cold
resistance 1
a: Dig, Shaft Self, Heroism, Renounce Religion


You were on level 1 of the Orcish Mines.
You worshipped Okawaru.
Okawaru was greatly pleased with you.
You were not hungry.

You visited 3 branches of the dungeon, and saw 13 of its levels.
You also visited: Ossuary and Bailey.

You collected 815 gold pieces.
You spent 399 gold pieces at shops.

Inventory:

Hand Weapons
 J - the +6 battleaxe "Ipseohuh" (weapon) {chop, rF+}
   (You bought it in a shop on level 7 of the Dungeon)

   It inflicts extra damage upon your enemies.
   It protects you from fire.
Missiles
 S - 28 tomahawks of returning (quivered)
Armour
 x - a +0 cloak (worn)
 z - a +1 pair of boots (worn)
 X - a +0 plate armour (worn)
 Z - a +1 large shield (worn)
Jewellery
 i - a +3 amulet of reflection (around neck)
 o - a +2 ring of protection
 u - an uncursed ring of positive energy
 v - an uncursed ring of protection from cold
 B - a ring of resist corrosion (left hand)
 H - a ring of protection from magic (right hand)
 T - an uncursed ring of flight
Wands
 D - a wand of lightning (8/15)
 I - a wand of acid (14/15)
 V - a wand of flame (14/48)
 W - a wand of slowing (16/48)
Scrolls
 e - 6 scrolls of identify
 g - 2 scrolls of enchant weapon
 l - a scroll of enchant armour
 q - 3 scrolls of fog
 t - 4 scrolls of amnesia
 w - 4 scrolls of remove curse
 C - 2 scrolls of magic mapping
 F - 2 scrolls of recharging
Potions
 d - 2 potions of might
 k - 8 potions of curing
 n - a potion of lignification
 r - 4 potions of berserk rage
 E - 3 potions of heal wounds
 G - 5 potions of brilliance
 K - 4 potions of agility
 L - a potion of flight
 O - 2 potions of ambrosia
 U - a potion of mutation
Comestibles
 a - 3 chunks of flesh
 f - 9 bread rations
 m - 4 meat rations
 s - 17 fruits
 A - 8 beef jerkies
 Y - a royal jelly


   Skills:
 - Level 3.2 Fighting
 * Level 14.0 Axes
 - Level 3.2 Armour
 - Level 9.9 Shields
 + Level 7.9 Invocations


You had 10 spell levels left.
You didn't know any spells.

Dungeon Overview and Level Annotations

Branches:
Dungeon (11/15)            Temple (1/1) D:7            Lair (0/6) D:8
    Orc (1/2) D:9

Altars:
Ashenzari
Cheibriados
Dithmenos
Elyvilon
Fedhas
Kikubaaqudgha
Makhleb
Okawaru
Ru
Sif Muna
Trog
Uskayaw
Vehumet
Xom
Zin
The Shining One

Shops:
D:7 (   D:8 !*

Portals:
Trove: D:10 (give 5 potions of cure mutation)

Annotations:
D:7 Prince Ribbit
D:11 1 runed door


Innate Abilities, Weirdness & Mutations

You are under a permanent stasis effect.
You can dig through walls and to a lower floor.
Your four strong arms can wield two-handed weapons with a shield.
You have a pair of large antennae on your head. (SInv)
Your flesh is cold resistant. (rC+)


Message History

You block the stone giant's attack.
You hit the stone giant.
The stone giant is moderately wounded.
The stone giant hits you!!
* * * LOW HITPOINT WARNING * * *
You are too injured to fight recklessly!
You feel much better. You block the stone giant's attack.
You slash the stone giant!
The stone giant is heavily wounded.
You block the stone giant's attack.
You hit the stone giant but do no damage.
The stone giant is heavily wounded.
The stone giant hits you!
You hit the stone giant but do no damage.
The stone giant is heavily wounded.
You block the stone giant's attack.
You hit the stone giant but do no damage.
The stone giant is moderately wounded.
The stone giant hits you!!
You die...

###......##....#...
##......#.......#
####...#.#........##
..#.#.....#......#...##
.................#....#
..#...............#...##
##......#.#.......)..##
###.............(.)..##
.#..........C@........#
......#................#
.......................#
#....#..............#....#
#....#...)).[...#.#####.##
#..#.......[........# ##
#...#.##...><........
#.##. ###.......#..#. ##
.. ##.......#...#


You could see a stone giant.

Vanquished Creatures
  4 hill giants
  An ugly thing (D:9)
  The ghost of Naow the Thaumaturge, a novice DEFE (D:7)
  A komodo dragon (D:11)
  3 yaks (D:11)
  A hungry ghost (D:8)
  Menkaure (Ossuary)
  2 wargs (Orc:1)
  A water moccasin (D:9)
  2 eyes of draining (D:9)
  9 orc warriors
  A sky beast (D:9)
  2 necrophages
  3 phantoms
  4 ogres
  3 centaurs
  2 big kobolds
  2 elf zombies (Ossuary)
  5 bullfrogs
  A gnoll sergeant (D:10)
  4 scorpions
  A water moccasin skeleton (D:5)
  9 killer bees
  2 howler monkeys (D:9)
  4 wights (D:9)
  A bullfrog zombie (D:9)
  4 crimson imps
  5 centaur zombies
  4 jellies
  A human zombie (Ossuary)
  2 bullfrog skeletons
  2 centaur skeletons
  A hound (D:6)
  7 orc wizards
  A quasit (D:9)
  3 orc priests
  A gnoll shaman (D:5)
  Crazy Yiuf (D:2)
  Ijyb (D:3)
  2 iguanas
  5 worker ants
  2 ogre zombies (Ossuary)
  6 mummies (Ossuary)
  A howler monkey zombie (D:7)
  21 gnolls
  12 adders
  3 shadow imps
  An ooze (D:1)
  5 adder zombies (Ossuary)
  2 worms (D:2)
  7 dart slugs
  4 leopard geckos
  36 orcs
  6 giant cockroaches
  3 gnoll zombies (Ossuary)
  11 goblins
  9 hobgoblins
  3 jackals (D:4)
  28 kobolds
  7 quokkas
  4 ball pythons
  7 bats
  2 frilled lizards
  A goblin zombie (Ossuary)
  4 hobgoblin zombies (Ossuary)
  4 kobold zombies (Ossuary)
  An orc zombie (Ossuary)
  3 quokka zombies (Ossuary)
  8 rats
  A rat zombie (Ossuary)
312 creatures vanquished.

Vanquished Creatures (others)
  2 centaurs
  2 orcs
  6 kobolds (Bailey)
10 creatures vanquished.

Grand Total: 322 creatures vanquished

Notes
Turn   | Place    | Note
-------+----------+-------------------------------------------
     0 | D:1      | Naow the Formicid Fighter began the quest for the Orb.
     0 | D:1      | Reached XP level 1. HP: 18/18 MP: 1/1
   143 | D:1      | Reached XP level 2. HP: 24/24 MP: 2/2
   776 | D:1      | Reached XP level 3. HP: 29/29 MP: 3/3
   855 | D:1      | Reached skill level 3 in Axes
  1335 | D:2      | Reached XP level 4. HP: 31/35 MP: 4/4
  2049 | D:2      | Found a runed door.
  2195 | D:2      | Noticed Crazy Yiuf
  2204 | D:2      | Killed Crazy Yiuf
  2204 | D:2      | Reached skill level 4 in Axes
  2204 | D:2      | Reached skill level 5 in Shields
  2204 | D:2      | Reached XP level 5. HP: 7/41 MP: 5/5
  2509 | D:3      | Noticed Ijyb
  2832 | D:3      | Reached XP level 6. HP: 41/47 MP: 6/6
  2953 | D:3      | Reached skill level 5 in Axes
  3181 | D:3      | Killed Ijyb
  3585 | D:4      | Reached XP level 7. HP: 43/52 MP: 7/7
  3696 | D:4      | Reached skill level 6 in Axes
  4424 | D:5      | Entered Level 5 of the Dungeon
  4554 | D:5      | Reached skill level 7 in Axes
  4554 | D:5      | Reached XP level 8. HP: 52/58 MP: 8/8
  4912 | D:5      | Reached skill level 8 in Axes
  5969 | D:7      | Found Qunil's Antique Weapon Shop.
  5983 | D:7      | Bought a polished battleaxe for 333 gold pieces
  5983 | D:7      | Identified the +6 battleaxe "Ipseohuh" {chop, rF+} (You bought it in a shop on level 7 of the Dungeon)
  6040 | D:7      | Found a sand-covered staircase.
  6045 | Ossuary  | Entered an ossuary
  6089 | Ossuary  | Reached XP level 9. HP: 64/64 MP: 9/9
  6108 | Ossuary  | Noticed Menkaure
  6114 | Ossuary  | Killed Menkaure
  6114 | Ossuary  | Reached skill level 9 in Axes
  6553 | D:7      | Noticed Naow's ghost (novice DEFE)
  6568 | D:7      | Killed Naow's ghost
  6568 | D:7      | Reached skill level 10 in Axes
  6610 | D:7      | Found a flagged portal.
  6618 | Bailey   | Entered a bailey
  6642 | Bailey   | Noticed an orc warlord
  6789 | Bailey   | Reached XP level 10. HP: 50/70 MP: 10/10
  6916 | Bailey   | Found a runed gate.
  6919 | Bailey   | Found a runed gate.
  6920 | Bailey   | Found a runed gate.
  7371 | D:7      | Found a staircase to the Ecumenical Temple.
  7384 | Temple   | Entered the Ecumenical Temple
  7411 | Temple   | Became a worshipper of Warmaster Okawaru
  7548 | D:7      | Noticed Prince Ribbit
  7646 | D:7      | Reached skill level 11 in Axes
  7662 | D:7      | Reached skill level 1 in Invocations
  7713 | D:7      | Got a twisted whip
  7782 | D:8      | Found a staircase to the Lair.
  7783 | D:8      | Found Itaufeu's General Store.
  8022 | D:8      | Reached * piety under Okawaru
  8179 | D:8      | Noticed a hill giant
  8185 | D:8      | Killed a hill giant
  8323 | D:8      | Found Vafetoq's Distillery.
  8337 | D:8      | Bought a potion of mutation for 30 gold pieces
  8337 | D:8      | Bought a potion of curing for 36 gold pieces
  8537 | D:8      | Reached skill level 12 in Axes
  8942 | D:9      | Reached ** piety under Okawaru
  8981 | D:9      | Reached skill level 5 in Invocations
  9276 | D:9      | Found a staircase to the Orcish Mines.
  9571 | D:9      | Reached XP level 11. HP: 68/75 MP: 15/15
  9749 | D:9      | Found a blossoming altar of Fedhas.
  9818 | Orc:1    | Entered Level 1 of the Orcish Mines
  9836 | Orc:1    | Reached skill level 13 in Axes
 10030 | Orc:1    | Noticed a stone giant
 10146 | D:9      | Noticed a brown ugly thing
 10157 | D:9      | Killed a brown ugly thing
 10157 | D:9      | Reached *** piety under Okawaru
 10201 | D:10     | Entered Level 10 of the Dungeon
 10588 | D:10     | Found a portal to a secret trove of treasure.
 11294 | D:10     | Noticed a hill giant
 11301 | D:10     | Killed a hill giant
 11432 | D:11     | Noticed a hill giant
 11440 | D:11     | Killed a hill giant
 11647 | D:11     | Reached **** piety under Okawaru
 11852 | D:11     | Noticed a hill giant
 11858 | D:11     | Killed a hill giant
 11906 | D:11     | Noticed a cyclops
 11916 | D:11     | Found a runed door.
 11967 | D:10     | Gained mutation: Your flesh is cold resistant. (rC+) [potion of beneficial mutation]
 12035 | D:11     | Noticed a six-headed hydra
 12158 | Orc:1    | Reached skill level 14 in Axes
 12190 | Orc:1    | Slain by a stone giant

Skill      XL: |  1  2  3  4  5  6  7  8  9 10 11 |
---------------+----------------------------------+-----
Shields        | 4 5 6 7 8 9 |  9.9
Axes           | 3 4 5 7 8 10 12 14 | 14.0
Invocations    | 5 7 |  7.9
Fighting       | |  3.2
Armour         | |  3.2

Action                   |  1- 3 |  4- 6 |  7- 9 | 10-12 || total
-------------------------+-------+-------+-------+-------++-------
Melee: War axe           |    99 |   213 |    92 |       ||   404
       Broad axe         |       |       |   105 |       ||   105
       Battleaxe         |       |       |   131 |   242 ||   373
Throw: Tomahawk          |       |       |       |     6 ||     6
Invok: Heroism           |       |       |       |     5 ||     5
  Use: Potion            |       |     1 |     1 |     2 ||     4
       Scroll            |       |       |       |    25 ||    25
  Eat: Chunk             |     2 |     7 |     8 |    18 ||    35
       Fruit             |       |       |     1 |       ||     1
       Beef jerky        |       |       |     1 |       ||     1
Armor: Scale mail        |    27 |    71 |   108 |    37 ||   243
       Plate armour      |       |       |       |     4 ||     4
Dodge: Dodged            |    34 |    70 |    72 |    46 ||   222
Block: Shield            |    51 |   161 |   234 |   157 ||   603
       Reflection        |       |     3 |    27 |    33 ||    63
       Large shield      |       |       |       |    32 ||    32
